 Dungeon Crawl Stone Soup version 0.27-a0-972-gd1521fd518 (webtiles) character file.

Game seed: 18063635131847782507

1108 robertstho the Covert (level 8, -3/55 HPs)
             Began as an Octopode Berserker on Apr 13, 2021.
             Was a Priest of Trog.
             Slain by a sky beast (6 damage)
             ... on level 5 of the Dungeon.
             The game lasted 00:06:27 (4681 turns).

robertstho the Covert (Octopode Berserker)          Turns: 4681, Time: 00:06:28

Health: -3/55      AC:  4    Str: 16    XL:     8   Next: 33%
Magic:  8/8        EV: 13    Int: 10    God:    Trog [***...]
Gold:   121        SH:  3    Dex: 13    Spells: 7/7 levels left

rFire    . . .     SeeInvis .   g - +0 broad axe (drain)
rCold    . . .     Faith    .   d - +0 buckler {AC+3}
rNeg     . . .     Spirit   .   (helmet restricted)
rPois    .         Reflect  .   (no amulet)
rElec    .         Harm     .   (no ring)
rCorr    .         Rampage  .   (no ring)
Will     ++...                  (no ring)
Stlth    +++++.....             (no ring)
HPRegen  1.18/turn              (no ring)
MPRegen  0.11/turn              (no ring)
                                (no ring)
                                (no ring)

@: on berserk cooldown, regenerating, slowed, very slow
A: almost no armour, amphibious, 8 rings, camouflage 1, gelatinous body 1,
(nimble swimmer 1), tentacles
a: Renounce Religion, Berserk, Trog's Hand


You were on level 5 of the Dungeon.
You worshipped Trog.
Trog was most pleased with you.
You visited 1 branch of the dungeon, and saw 5 of its levels.

You collected 160 gold pieces.
You spent 39 gold pieces at shops.

Inventory:

Hand Weapons
 a - a +1 falchion
 b - a +2 mace of holy wrath
 g - a +0 broad axe of draining (weapon)
 h - a +0 dire flail of holy wrath
Armour
 d - a +0 buckler of protection (worn)
Wands
 i - a wand of acid (11)
Scrolls
 c - 2 scrolls of magic mapping
 j - 6 scrolls of identify
Potions
 f - a potion of flight
 l - 2 potions of attraction


   Skills:
 * Level 5.2 Fighting
 + Level 5.6 Long Blades
 + Level 0.1 Axes
 + Level 4.1 Dodging
 * Level 9.0 Stealth
 + Level 0.5 Shields


You had 7 spell levels left.
You didn't know any spells.
Your spell library was empty.

Dungeon Overview and Level Annotations

Branches:
Dungeon (5/15)             Temple (0/1) D:5

Altars:

Shops:
D:2 !   D:4 *


Innate Abilities, Weirdness & Mutations

You cannot wear most types of armour.
You are amphibious.
You can wear up to eight rings at the same time.
Your skin changes colour to match your surroundings (Stealth+).
Your rubbery body absorbs attacks. (AC +1, EV +1)
((You are camouflaged near water. (Stealth+)))
You have tentacles for arms and can constrict up to eight enemies at once.


Message History

Deactivating autopickup; reactivate with Ctrl-A.
Something barely misses you. x2
No target in view!
No target in view!
No target in view!
You barely miss something. Your squeeze misses something. Something hits you.
Something shocks you.
You miss something. Your squeeze misses something. Something barely misses you.
Something hits you but does no damage.
You miss something. Something hits you. Something shocks you.
Something hits you. Something shocks you.
You closely miss something. Something hits you. Something shocks you.
A red film seems to cover your vision as you go berserk!
You feel yourself moving faster!
You feel mighty! Something barely misses you.
You barely miss something. You squeeze something.
Something hits you but does no damage. x2
You closely miss something. You squeeze something!
Something hits you but does no damage.
You miss something. Your squeeze misses something. Something hits you.
Something shocks you.
* * * LOW HITPOINT WARNING * * *
You barely miss something. Something hits you but does no damage.
You closely miss something. Your squeeze misses something.
Something barely misses you.
You miss something. Something hits you but does no damage.
You barely miss something. Your squeeze misses something.
Something hits you but does no damage.
You miss something.
You are no longer berserk.
You are exhausted.
You feel yourself slow down. Something hits you.
* * * LOW HITPOINT WARNING * * *
Something shocks you.
* * * LOW HITPOINT WARNING * * *
Your skin crawls.
You feel strong-willed. Something hits you.
* * * LOW HITPOINT WARNING * * *
Something shocks you.
You die...

####### ......#
########## ......#
#......... ......#
#......... .>....#
###......... ......#
##..........> ......#
###.†#.@....... ......#
#...##..{......
#.########.####.........
#.# ##.....# ##########
#.###..#####
.......#########
....#..........#####
#.....########.....##
...##......#######..#####


There were no monsters in sight!

Vanquished Creatures
  Sigmund (D:3)
  Edmund (D:4)
  An ogre (D:5)
  A centaur (D:5)
  Blork the orc (D:4)
  A scorpion (D:5)
  A water moccasin zombie (D:5)
  A howler monkey (D:2)
  3 bullfrog zombies (D:5)
  A bullfrog skeleton (D:5)
  2 iguanas
  A jelly (D:4)
  Ijyb (D:4)
  A howler monkey skeleton (D:4)
  Robin (D:2)
  3 gnolls (D:5)
  6 adders
  A shadow imp (D:5)
  A white imp (D:5)
  A dart slug (D:2)
  5 orcs
  9 endoplasms
  3 giant cockroaches
  13 goblins
  12 hobgoblins
  9 jackals
  10 kobolds
  2 quokkas
  9 ball pythons
  5 bats
  A frilled lizard (D:1)
  6 rats
114 creatures vanquished.

Notes
Turn   | Place    | Note
-------+----------+-------------------------------------------
     0 | D:1      | robertstho the Octopode Berserker began the quest for the
                  | Orb.
     0 | D:1      | Reached XP level 1. HP: 16/16 MP: 1/1
    75 | D:1      | Reached XP level 2. HP: 21/21 MP: 2/2
    86 | D:1      | Reached skill level 1 in Stealth
   380 | D:1      | Reached XP level 3. HP: 26/26 MP: 3/3
   501 | D:1      | Reached ** piety under Trog
   720 | D:2      | Reached skill level 2 in Stealth
   720 | D:2      | Reached XP level 4. HP: 21/33 MP: 4/4
   979 | D:2      | Noticed Robin
  1089 | D:2      | Found a faded altar of an unknown god.
  1226 | D:2      | Found Xeinn's Distillery.
  1231 | D:2      | Bought a potion of attraction for 39 gold pieces
  1488 | D:2      | Killed Robin
  1489 | D:2      | Reached XP level 5. HP: 37/37 MP: 5/5
  1491 | D:2      | Reached skill level 3 in Stealth
  1703 | D:2      | Reached *** piety under Trog
  2001 | D:3      | Noticed Sigmund
  2014 | D:3      | Killed Sigmund
  2015 | D:3      | Reached skill level 5 in Stealth
  2015 | D:3      | Reached XP level 6. HP: 31/44 MP: 6/6
  2603 | D:4      | Noticed Blork the orc
  2613 | D:4      | Killed Blork the orc
  2614 | D:4      | Reached skill level 6 in Stealth
  2813 | D:4      | Reached XP level 7. HP: 40/49 MP: 7/7
  3207 | D:4      | Noticed Edmund
  3212 | D:4      | Killed Edmund
  3213 | D:4      | Reached skill level 7 in Stealth
  3453 | D:4      | Noticed Ijyb
  3461 | D:4      | Killed Ijyb
  3676 | D:4      | Found Ykozula's Elemental Accessories.
  3705 | D:4      | Identified a scroll of acquirement
  3705 | D:4      | Acquired a +0 buckler of protection
  3823 | D:5      | Entered Level 5 of the Dungeon
  3840 | D:5      | Reached skill level 8 in Stealth
  3857 | D:5      | Reached skill level 5 in Long Blades
  3903 | D:5      | Reached XP level 8. HP: 41/54 MP: 8/8
  4025 | D:5      | Reached skill level 5 in Fighting
  4295 | D:5      | Found a staircase to the Ecumenical Temple.
  4667 | D:5      | Reached skill level 9 in Stealth
  4681 | D:5      | Slain by a sky beast

Illustrated notes

Levels and vault maps discovered:
D:1:      dpeg_arrival_arbitrary_c, layout_rooms
D:2:      layout_basic, hellmonk_ecumenical_altar_slurped_away, serial_shops,
          nicolae_shop_stone, uniq_robin
D:3:      layout_loops_ring, uniq_sigmund
D:4:      layout_basic, nicolae_elemental_shop, lemuel_another_geyser,
          uniq_edmund, uniq_ijyb, uniq_blork_the_orc
D:5:      layout_rooms, minmay_temple_entry_stoned_glass

Skill      XL: |  1  2  3  4  5  6  7  8 |
---------------+-------------------------+-----
Stealth        | 1 2 5 6 8 9 |  9.0
Fighting       | 4 5 |  5.2
Long Blades    | 4 5 |  5.6
Dodging        | 4 |  4.1
Axes           | |  0.1
Shields        | |  0.5

Action                   |  1- 3 |  4- 6 |  7- 9 || total
-------------------------+-------+-------+-------++-------
Melee: Falchion          |    40 |    80 |    67 ||   187
       Constrict         |    12 |    24 |    15 ||    51
       Tentacles         |     8 |    18 |    20 ||    46
       Broad axe         |       |       |    17 ||    17
Invok: Berserk           |       |     3 |     4 ||     7
       Trog's Hand       |       |       |     2 ||     2
  Use: Scroll            |       |     9 |     6 ||    15
       Potion            |       |       |     1 ||     1
 Stab: Sleeping          |     7 |    16 |     8 ||    31
       Distracted        |       |     1 |       ||     1
Armor: Skin              |     3 |     3 |    21 ||    27
Dodge: Dodged            |    32 |    58 |    44 ||   134
Block: Buckler           |       |       |    11 ||    11
       Rpst.: Falchion   |    12 |    14 |     6 ||    32

Table legend: (Time is in decaauts)
 A = Elapsed time spent in this place.
 B = Non-inter-level travel time spent in this place.
 C = Inter-level travel time spent in this place.
 D = Time resting spent in this place.
 E = Time spent auto-exploring this place.
 F = Levels seen in this place.
 G = Mean time per level.
                   A        B        C        D        E       F      G
               +--------+--------+--------+--------+--------+-----+--------+
         Total |   4764 |   4593 |    171 |     84 |   3814 |   5 |  952.8 |
       Dungeon |   4764 |   4593 |    171 |     84 |   3814 |   5 |  952.8 |
               +--------+--------+--------+--------+--------+-----+--------+

Top non-repeatable levels by time:
     D:4: 1319 daAuts
     D:2: 1039 daAuts
     D:5: 862 daAuts
     D:1: 801 daAuts
     D:3: 741 daAuts
